Map: Kairos Junction LE

Players

Smeeeger - Winner!

  • Race: Zerg Zerg
  • League: Platinum
  • Spawn Location: 5:00

mashballs

  • Race: Zerg Zerg
  • League: Platinum
  • Spawn Location: 11:00

VOD

Have the link to the VOD?

Description

Time

  • Played on: July 14, 2019, 2:24 p.m.
  • Length: 12:02
Show
View Real Time Build Order
Export as new Build Order

Smeeeger Zerg - Winner!

Build Orders: Hatch First 

Get SALT Encoding   

  12  0:01  Drone  
  13  0:14  Overlord  
  13  0:27  Drone  
  14  0:32  Drone x2  
  16  0:38  Drone  
  17  0:49  Drone  
  18  0:58  Hatchery  
  18  1:02  Drone  
  18  1:03  Extractor  
  17  1:16  Spawning Pool  
  16  1:22  Drone x2  
  18  1:32  Drone  
  19  1:42  Overlord  
  19  2:03  Queen  
  19  2:04  Zergling x4  
  23  2:10  Queen  
  23  2:12  Drone  
  26  2:20  Metabolic Boost  
  26  2:30  Drone x3  
  26  2:33  Drone  
  30  2:45  Overlord, Queen  
  30  2:46  Drone  
  33  2:57  Hatchery  
  32  3:05  Drone x3  
  35  3:07  Overlord  
  35  3:21  Drone x3  
  35  3:22  Baneling Nest  
  38  3:27  Drone  
  38  3:30  Drone x2  
  40  3:46  Drone  
  41  3:52  Drone x2  
  41  3:54  Drone x3  
  46  3:56  Overlord, Extractor  
  46  3:57  Overlord x2, Extractor  
  46  3:59  Drone x2  
  46  4:15  Drone x3, Overlord  
  49  4:20  Roach Warren, Zergling x4  
  49  4:21  Evolution Chamber, Zergling x4  
  51  4:31  Spine Crawler, Queen  
  50  4:34  Drone x2  
  50  4:37  Baneling x3  
  50  4:38  Baneling  
  54  4:41  Zergling x6  
  57  4:46  Lair  
  57  4:59  Zergling x4  
  60  5:00  Zergling x2  
  56  5:11  Roach, Zergling x2  
  56  5:12  Roach x5  
  67  5:23  Drone x4  
  70  5:31  Baneling x2  
  70  5:32  Baneling x3  
  70  5:33  Roach x3  
  70  5:34  Overlord  
  76  5:48  Roach  
  76  5:49  Roach x2, Spine Crawler  
  81  5:50  Roach  
  83  6:01  Roach x3  
  89  6:05  Drone x4  
  89  6:06  Drone  
  89  6:07  Drone  
  89  6:08  Drone x2  
  94  6:27  Roach  
  94  6:28  Roach  
  94  6:31  Glial Reconstitution, Zerg Missile Weapons Level 1  
  95  6:51  Roach x4  
  92  6:57  Roach x4  
  88  7:01  Zergling x2  
  88  7:02  Overlord x3  
  88  7:06  Extractor  
  88  7:07  Roach x4  
  86  7:11  Drone x4  
  86  7:14  Roach, Drone x3, Extractor  
  86  7:15  Extractor  
  93  7:18  Drone  
  94  7:29  Roach x3  
  100  7:34  Roach x3  
  100  7:35  Roach  
  107  7:37  Roach x2  
  107  7:38  Roach  
  107  7:43  Roach x2  
  103  7:45  Roach  
  103  7:47  Roach  
  103  7:51  Roach  
  97  7:52  Roach  
  97  7:54  Roach  
  97  7:58  Roach  
  95  7:59  Roach  
  95  8:01  Roach  
  95  8:02  Zergling x6  
  95  8:04  Roach  
  95  8:05  Queen  
  100  8:09  Roach  
  100  8:10  Roach  
  102  8:13  Roach x2  
  102  8:17  Drone  
  102  8:18  Drone  
  108  8:24  Drone x3  
  108  8:25  Drone  
  112  8:31  Roach x2  
  116  8:37  Drone x2  
  116  8:38  Drone x2  
  116  8:41  Queen  
  117  8:49  Roach  
  117  8:50  Roach  
  119  9:01  Roach  
  119  9:02  Roach x2  
  121  9:09  Zerg Missile Weapons Level 2  
  119  9:19  Roach  
  119  9:23  Overlord  
  119  9:24  Overlord x2  
  121  9:25  Overlord  
  121  9:28  Hatchery  
  121  9:29  Hydralisk Den  
  119  9:31  Hatchery  
  119  9:32  Evolution Chamber  
  119  9:34  Zergling x8  
  119  9:35  Zergling x2  
  122  9:46  Roach x10  
  138  9:58  Roach  
  138  9:59  Roach x4  
  134  10:02  Muscular Augments  
  120  10:14  Roach x4  
  114  10:28  Baneling x10  
  114  10:38  Roach x12, Spine Crawler  
  114  10:39  Roach x2  
  141  10:45  Queen  
  141  10:48  Hydralisk x3  
  149  10:50  Hydralisk  
  151  11:00  Ravager x4  
  151  11:01  Hydralisk x3  
  151  11:03  Hydralisk  
  163  11:08  Overlord x2  
  163  11:16  Drone x3  
  163  11:35  Zergling x28  
  163  11:36  Zergling x4  
Show
View Real Time Build Order
Export as new Build Order

mashballs Zerg 

Build Orders: Hatch First 

Get SALT Encoding   

  12  0:08  Drone  
  12  0:10  Drone  
  14  0:21  Overlord  
  14  0:43  Hatchery  
  14  0:46  Drone  
  14  0:50  Drone  
  14  0:55  Drone  
  16  1:00  Drone  
  17  1:26  Drone  
  17  1:27  Drone  
  17  1:30  Spawning Pool  
  17  1:31  Extractor  
  17  1:45  Drone x2  
  19  1:51  Drone  
  20  2:04  Drone  
  20  2:05  Drone  
  22  2:17  Spine Crawler  
  22  2:19  Drone x3  
  24  2:28  Drone x2  
  24  2:29  Queen  
  28  2:31  Metabolic Boost  
  28  2:33  Spine Crawler  
  27  2:41  Evolution Chamber  
  27  2:42  Drone  
  27  2:43  Drone  
  28  2:50  Overlord  
  28  2:58  Extractor  
  28  3:00  Drone  
  28  3:04  Overlord  
  28  3:07  Queen  
  30  3:13  Drone  
  30  3:14  Drone, Baneling Nest  
  31  3:29  Drone  
  31  3:30  Drone x2, Roach Warren  
  33  3:42  Drone x2  
  33  3:43  Drone  
  33  3:44  Drone  
  33  3:46  Zerg Ground Armor Level 1  
  37  4:01  Overlord  
  37  4:02  Zergling x4  
  39  4:03  Zergling x4  
  41  4:14  Zergling x6  
  44  4:18  Overlord  
  44  4:24  Roach x4  
  50  4:25  Overlord  
  52  4:37  Baneling x5  
  52  4:42  Zergling x6  
  49  5:11  Zergling x14  
  55  5:19  Roach x2  
  56  5:42  Roach x2  
  60  5:43  Overlord  
  60  5:44  Overlord  
  60  5:46  Zerg Missile Weapons Level 1  
  60  5:59  Overlord  
  60  6:02  Roach x4  
  60  6:03  Roach  
  70  6:08  Lair  
  70  6:22  Roach x2  
  70  6:23  Roach x5  
  80  6:31  Roach  
  80  6:32  Roach  
  81  6:39  Baneling x2  
  81  6:42  Zergling x2  
  81  6:43  Zergling x2  
  83  6:47  Zergling x2  
  78  6:56  Zergling x4  
  78  6:57  Zergling x8  
  78  6:59  Roach  
  80  7:17  Roach  
  80  7:18  Overlord  
  82  7:27  Hatchery  
  74  7:37  Roach x5  
  74  7:38  Roach  
  82  7:46  Roach x3  
  68  8:06  Roach x3  
  68  8:07  Roach x2  
  68  8:12  Roach x2  
  78  8:17  Drone  
  79  8:26  Roach  
  81  8:30  Extractor  
  81  8:31  Extractor  
  69  8:50  Roach x6  
  69  8:51  Roach  
  73  8:58  Roach x2  
  73  8:59  Roach  
  73  9:02  Roach  
  71  9:05  Roach  
  71  9:07  Zergling x4  
  65  9:16  Roach  
  65  9:17  Roach x2  
  67  9:20  Zergling x12  
  67  9:22  Queen  
  75  9:33  Zerg Missile Weapons Level 2  
  75  9:34  Zergling x4  
  75  9:35  Roach  
  75  9:36  Roach  
  73  9:53  Zergling x10  
  73  9:54  Zergling x4  
  73  9:59  Zergling x2  
  75  10:00  Zergling x6  
  75  10:06  Zergling x2  
  59  10:16  Roach x3  
  59  10:17  Queen  
  64  10:25  Drone  
  64  10:26  Drone x5  
  70  10:33  Drone  
  70  10:34  Drone  
  72  10:40  Drone  
  73  10:48  Drone x2  
  73  10:49  Hydralisk Den  
  74  10:59  Drone x2  
  74  11:00  Drone x3  
  79  11:04  Extractor  
  79  11:05  Extractor  
  77  11:18  Hydralisk x2  
  77  11:19  Hydralisk x2  
  85  11:27  Drone x3  
  85  11:28  Drone x2  
  85  11:30  Roach  
  85  11:32  Roach  
  88  11:41  Overlord  
Tags
 
Add a new tag
Caveats
  • Supply blocks, unpowered buildings, or Contaminate may cause inaccurate times.
  • Supply counts are checked every 10 seconds.